 Seeded DCSS version 0.30.1-11-g7821555f0a (webtiles) character file.

Game seed: 6245884229887761738 (custom seed)

18 Psyclone the Conjurer (level 2, 15/15 HPs)
             Began as a Deep Elf Conjurer on Nov 9, 2023.
             Was an Initiate of Gozag.
             Quit the game on level 2 of the Dungeon.
             The game lasted 00:00:40 (346 turns).

Psyclone the Conjurer (Deep Elf Conjurer)            Turns: 346, Time: 00:00:41

Health: 15/15      AC:  5    Str:  4    XL:     2   Next: 51%
Magic:  3/8        EV: 12    Int: 25    God:    Gozag
Gold:   46         SH:  0    Dex: 13    Spells: 2/7 levels left

rFire   . . .        (no weapon)
rCold   . . .        (no shield)
rNeg    . . .        a - +0 robe
rPois   .            e - +2 helmet {Int+3}
rElec   .            (no cloak)
rCorr   .            (no gloves)
SInv    .            (no boots)
Will    .....        (no amulet)
Stlth   ++           (no ring)
HPRegen 0.22/turn    (no ring)
MPRegen 0.11/turn

%: no passive effects
@: on berserk cooldown, slowed, very slow
A: no striking features
a: Renounce Religion, Potion Petition, Call Merchant, Bribe Branch


You were on level 2 of the Dungeon.
You worshipped Gozag.
Gozag was noncommittal.
You visited 1 branch of the dungeon, and saw 2 of its levels.

You collected 46 gold pieces.

Inventory:

Armour
 a - a +0 robe (worn)
 e - a +2 helmet of intelligence (worn)
Jewellery
 c - an amulet of magic regeneration
Scrolls
 d - 3 scrolls of identify {unknown}
 f - 2 scrolls of teleportation {unknown}
 g - a scroll of immolation {unknown}
Potions
 b - a potion of magic


   Skills:
 - Level 2.4 Dodging
 - Level 2.4 Stealth
 - Level 3.0 Spellcasting
 + Level 5.2 Conjurations


You had 2 spell levels left.
You knew the following spells:

 Your Spells              Type           Power      Damage    Failure   Level
a - Magic Dart            Conj           100%       1d8       1%          1
b - Searing Ray           Conj           60%        2d6       1%          2
c - Passwall              Tmut/Erth      2%         N/A       16%         2

Your spell library contained the following spells:

 Spells                   Type           Power      Damage    Failure   Level
 Sandblast                Erth           6%         2d5       10%         1
 Dazzling Flash           Conj/Hex       32%        N/A       11%         3
 Stone Arrow              Conj/Erth      32%        3d9       11%         3
 Fulminant Prism          Conj/Hex       8%         3d7       34%         4
 Iskenderun's Mystic Bla  Conj/Tloc      16%        2d5       34%         4


Dungeon Overview and Level Annotations

Branches:
Dungeon (2/15) Zot: 11653

Altars:
Gozag


Message History

Aim: an orc, wielding a +0 flail and quivering boomerangs (moderately wounded, 100% to hit)
The magic dart hits the orc.
The orc is severely wounded.
The bat misses you. The bat barely misses you.
The bat hits you but does no damage.
The hobgoblin throws a datura-tipped dart.
The datura-tipped dart hits you!
A red film seems to cover your vision as you go berserk!
You feel yourself moving faster!
You feel mighty! The orc barely misses you.
You now have 22/22 hp.
You are too berserk!
Unknown command.
You are too berserk!
Unknown command.
You hit the orc.
You kill the orc!
The bat closely misses you.
The hobgoblin throws a datura-tipped dart.
The datura-tipped dart misses you.
The datura-tipped dart closely misses the orc.
The bat attacks as you move away! The bat barely misses you.
You feel a strong urge to attack something.
The bat barely misses you. The bat attacks as you move away!
The bat closely misses you. x2
You feel your anger nearly subside.
You are no longer berserk.
You are exhausted.
You feel yourself slow down.
You now have 15/15 hp.
An orc priest comes into view. It is wielding a +0 short sword.
The orc priest closely misses you.
The orc priest attacks as you move away!
The orc priest hits you but does no damage.
The orc barely misses you.
The orc priest hits you but does no damage.
The orc closely misses you. The orc closely misses you.
Unknown command.
Unknown command.
Are you sure you want to abandon this character and quit the game? (Confirm with "yes".)

. .. ##. ...# #.. #...# #.#
#...# ###### #.# #...# .
#..... #.# #######...###.#
#.....####.#####..............
#......#....oo@...............
#.......$###g###..............
#........# #.# #######...###.
. ######...###.# #.......# .
#.#go...# #.......# #g#b###.#
#....)..# ..#.# #.# ###...###
##.#.# #.# #...# ..... ..#
##...#


You could see an orc priest, an orc and a hobgoblin.

Vanquished Creatures
  An orc (D:2)
  2 bats (D:1)
  5 endoplasms
  A hobgoblin (D:2)
  2 quokkas
  2 ball pythons (D:2)
  A kobold (D:1)
  2 rats (D:1)
16 creatures vanquished.

Notes
Turn   | Place    | Note
-------+----------+-------------------------------------------
     0 | D:1      | Psyclone the Deep Elf Conjurer began the quest for the Orb.
     0 | D:1      | Reached XP level 1. HP: 10/10 MP: 6/6
    76 | D:1      | Found a faded altar of an unknown god.
    98 | D:1      | Prayed at the altar of an unknown god.
    98 | D:1      | Became a worshipper of Gozag Ym Sagoz the Greedy
   103 | D:1      | Reached XP level 2. HP: 15/15 MP: 6/8
   153 | D:2      | Learned a level 2 spell: Searing Ray
   183 | D:2      | Learned a level 2 spell: Passwall
   210 | D:2      | Reached skill level 5 in Conjurations
   346 | D:2      | Quit the game

Illustrated notes

Levels and vault maps discovered:
D:1:      dpeg_arrival_arbitrary_a, layout_rooms,
          shapermc_ecumenical_altar_mp_highgroup, hangedman_abyss_or_decor_stabs
D:2:      layout_loops_cross, uniq_natasha

Skill      XL: |  1  2 |
---------------+-------+-----
Conjurations   | 5 |  5.2
Dodging        | |  2.4
Stealth        | |  2.4
Spellcasting   | |  3.0

Action                     || total
---------------------------++-------
  Melee: Unarmed           ||     1
   Cast: Magic Dart        ||    17
         Passwall          ||     5
         Searing Ray       ||     2
 Armour: Robe              ||     3
  Dodge: Dodged            ||    14
